 Dungeon Crawl Stone Soup version 0.23.2-1-ga50397a6bc (webtiles) character file.

Game seed: 2562022398067015220

121 Revguard the Chopper (level 5, 0/47 HPs)
             Began as a Hill Orc Fighter on May 2, 2019.
             Succumbed to a big kobold's poison
             ... on level 3 of the Dungeon.
             The game lasted 00:05:19 (1748 turns).

Revguard the Chopper (Hill Orc Fighter)             Turns: 1748, Time: 00:05:20

Health: 0/47       AC: 12    Str: 22    XL:     5   Next: 5%
Magic:  14/14      EV:  7    Int:  6    God:
Gold:   121        SH:  9    Dex: 10    Spells: 4/4 levels left

rFire    . . .     SeeInvis .   a - +0 war axe
rCold    . . .     Gourm    .   c - +0 shield
rNeg     . . .     Faith    .   b - +0 scale mail
rPois    .         Spirit   .   (no helmet)
rElec    .         Reflect  .   (no cloak)
rCorr    .         Harm     .   g - +1 pair of gloves
MR       .....                  (no boots)
Stlth    ..........             (no amulet)
HPRegen  0.55/turn              h - +3 ring of protection
MPRegen  0.14/turn              i - ring of magical power

@: lethally poisoned (0 -> -11)
A: dopey 1, regeneration 1, strong 1
a: no special abilities


You were on level 3 of the Dungeon.
You were not hungry.

You visited 1 branch of the dungeon, and saw 3 of its levels.

You collected 121 gold pieces.

Inventory:

Hand Weapons
 a - a +0 war axe (weapon)
Armour
 b - a +0 scale mail (worn)
 c - a +0 shield (worn)
 g - a +1 pair of gloves (worn)
Jewellery
 h - a +3 ring of protection (left hand)
 i - a ring of magical power (right hand)
 k - an uncursed ring of stealth
Potions
 d - a potion of might
Comestibles
 f - 4 rations


   Skills:
 + Level 4.3 Fighting
 + Level 4.5 Axes
 + Level 3.8 Armour
 + Level 0.4 Dodging
 + Level 4.2 Shields


You had 4 spell levels left.
You didn't know any spells.
Your spell library was empty.

Dungeon Overview and Level Annotations

Branches:
Dungeon (3/15)

Altars:
Xom
Zin


Innate Abilities, Weirdness & Mutations

You are dopey. (Int -2)
Your natural rate of healing is unusually fast.
Your muscles are strong. (Str +2)


Message History

You feel very sick.
Things that are here:
a +0 dagger x2
* * * LOW HITPOINT WARNING * * *
You feel very sick.
* * * LOW HITPOINT WARNING * * *
You feel very sick.
Found a blackened ivory wand and 10 gold pieces.
* * * LOW HITPOINT WARNING * * *
You feel very sick.
Found a hunting sling and a garnet ring.
* * * LOW HITPOINT WARNING * * *
You feel sick.
* * * LOW HITPOINT WARNING * * *
You feel very sick.
* * * LOW HITPOINT WARNING * * *
You feel sick.
* * * LOW HITPOINT WARNING * * *
You feel sick.
You die...

### ≈≈#### ≈≈≈≈≈
#####
≈≈≈≈######...###
≈≈###...)......#####
###.....).###...@/)#
.....######≈###..$K#
...### ≈≈≈ ######
#### ≈≈≈≈≈ .≈≈≈≈≈
#...#### ###.


You could see a big kobold (fleeing).

Vanquished Creatures
  3 adders
  3 gnolls (D:2)
  2 oozes
  3 giant cockroaches
  5 goblins (D:1)
  9 hobgoblins
  18 kobolds
  A quokka (D:2)
  6 bats
  A frilled lizard (D:2)
  9 rats
60 creatures vanquished.

Notes
Turn   | Place    | Note
-------+----------+-------------------------------------------
     0 | D:1      | Revguard the Hill Orc Fighter began the quest for the Orb.
     0 | D:1      | Reached XP level 1. HP: 19/19 MP: 1/1
    78 | D:1      | Reached XP level 2. HP: 16/27 MP: 2/2
   464 | D:1      | Reached XP level 3. HP: 26/33 MP: 3/3
   961 | D:2      | Reached XP level 4. HP: 31/40 MP: 4/4
  1201 | D:2      | Found a glowing silver altar of Zin.
  1244 | D:2      | Found a shimmering altar of Xom.
  1517 | D:2      | Gained mutation: You are dopey. (Int -2) [potion of
                  | mutation]
  1517 | D:2      | Gained mutation: Your muscles are strong. (Str +2) [potion
                  | of mutation]
  1517 | D:2      | Gained mutation: Your natural rate of healing is unusually
                  | fast. [potion of mutation]
  1697 | D:3      | Reached XP level 5. HP: 46/46 MP: 5/5
  1723 | D:3      | Noticed a big kobold
  1747 | D:3      | HP: 1/47 [poisoned by a big kobold]
  1748 | D:3      | Succumbed to a big kobold's poison

Skill      XL: |  1  2  3 |
---------------+----------+-----
Fighting       | 4 |  4.3
Axes           | 3 4 |  4.5
Shields        | 4 |  4.2
Armour         | |  3.8
Dodging        | |  0.4

Action                   |  1- 3 |  4- 6 || total
-------------------------+-------+-------++-------
Melee: War axe           |    98 |    76 ||   174
  Use: Potion            |       |     2 ||     2
       Scroll            |       |     1 ||     1
  Eat: Chunk             |       |     3 ||     3
Armor: Scale mail        |    39 |    48 ||    87
Dodge: Dodged            |    24 |    24 ||    48
Block: Shield            |    52 |    49 ||   101
